 Dungeon Crawl Stone Soup version 0.31-a0-968-g24f9ace8b5 (webtiles) character file.

Game seed: 14877330546171322972

7 Xavori the Trooper (level 2, -4/25 HPs)
             Began as a Djinni Chaos Knight on Oct 27, 2023.
             Was a Plaything of Xom.
             Slain by a culicivora (shapeshifter) (22 damage)
             ... on level 2 of the Dungeon.
             The game lasted 00:00:11 (268 turns).

Xavori the Trooper (Djinni Chaos Knight)             Turns: 268, Time: 00:00:12

Health: -4/25      AC:  5    Str: 11    XL:     2   Next: 10%
Gold:   41         EV: 11    Int: 13    God:    Xom [..*...] SH:  0 Dex: 12

rFire   + + .        a - +0 falchion (chaos)
rCold   x . .        (no shield)
rNeg    . . .        b - +2 leather armour
rPois   ∞            (no helmet)
rElec   .            (no cloak)
rCorr   .            (no gloves)
SInv    .            (boots unavailable)
Will    .....        (no amulet)
Stlth   +            (no ring)
HPRegen 0.24/turn    (no ring)
MPRegen 0.00/turn

%: infuse magic (-5 HP)
@: flying
A: sickness immunity, fire resistance 2, cold vulnerability 1, float, innate
caster, HP casting, extra vitality 1
a: Renounce Religion


You were on level 2 of the Dungeon.
You worshipped Xom.
You were a toy of Xom.
You visited 1 branch of the dungeon, and saw 2 of its levels.

You collected 41 gold pieces.

Inventory:

Hand Weapons
 a - a +0 falchion of chaos (weapon)
Armour
 b - a +2 leather armour (worn)
Scrolls
 c - a scroll of butterflies
 d - a scroll of vulnerability {unknown}
 e - 2 scrolls of teleportation {unknown}
 h - a scroll of summoning {unknown}
 j - a scroll of fog {unknown}
Potions
 f - a potion of degeneration {unknown}
 g - 3 potions of curing {unknown}
 i - a potion of attraction {unknown}


   Skills:
 + Level 3.0 Fighting
 + Level 2.7 Long Blades
 + Level 1.1 Armour
 + Level 2.3 Dodging
 * Level 0.2 Spellcasting
 * Level 0.2 Conjurations
 * Level 0.2 Hexes
   Level 0.0 Charms
 * Level 0.2 Summonings
 * Level 0.2 Necromancy
 * Level 0.2 Translocations
 * Level 0.2 Transmutations
 * Level 0.2 Fire Magic
 * Level 0.2 Ice Magic
 * Level 0.2 Air Magic
 * Level 0.2 Earth Magic
 * Level 0.2 Poison Magic You didn't know any spells. Your spell library was empty.

Dungeon Overview and Level Annotations

Branches:
Dungeon (1/15)

Altars:


Innate Abilities, Weirdness & Mutations

You are immune to sickness and miasma.
You are immune to poison.
Your flesh is very heat resistant. (rF++)
You are vulnerable to cold. (rC-)
You float through the air rather than walking.
You learn spells naturally, not from books.
Your magical power is your life essence.
You have superior vitality. (+4 MHP)


Message History

A malevolent force fills the Dungeon...
You are sucked into a shaft and drop 1 floor!
The shaft crumbles and collapses.
Unknown command.
Unknown command.
You reach down and open the door.
Found a cloak.
No target in view!
There is an open door here.
You now have 41 gold pieces (gained 11).
A quokka and a frilled lizard come into view.
Found a dagger.
You see here an orb of light.
A giant cockroach comes into view.
Found a scroll labelled QYOCELI OTURUWN.
There are monsters nearby!
The giant cockroach waves its antennae.
The frilled lizard barely misses you.
There are monsters nearby!
You completely miss the frilled lizard.
The frilled lizard bites you but does no damage.
You miss the quokka.
The frilled lizard bites you but does no damage.
The quokka closely misses you.
You hit the giant cockroach.
The giant cockroach changes into a shapeshifter!
Xom thinks this is hilarious!
The shapeshifter is lightly wounded.
The shapeshifter changes into a culicivora!
The quokka bites you.
The frilled lizard bites you but does no damage.
You closely miss the culicivora.
The culicivora is lightly wounded.
The quokka closely misses you. The culicivora bites you.
The frilled lizard bites you.
The quokka bites you but does no damage.
The culicivora bites you!!
Ouch! That really hurt!
You die...
Xom roars with laughter!

...............#
...............##
.................
..........#......
..........#......
..)..............
......sr.........
.?....l@.........
#########[#......
############.# .....
#........##..#......
#........#..........
#........#..........
#........#..........
#........'.....#####
#........##..[.#


You could see a culicivora shaped shifter, a quokka and a frilled lizard.

Vanquished Creatures
  A dart slug (D:1)
  2 bats (D:1)
  2 ball pythons (D:1)
  A rat (D:1)
6 creatures vanquished.

Notes
Turn   | Place    | Note
-------+----------+-------------------------------------------
     0 | D:1      | Xavori the Djinni Chaos Knight began the quest for the Orb.
     0 | D:1      | Reached XP level 1. HP: 20/20 MP: 0/0
    87 | D:1      | XOM: divination: detect creatures
   117 | D:1      | Reached XP level 2. HP: 25/25 MP: 0/0
   251 | D:1      | You are sucked into a shaft and drop 1 floor!
   267 | D:2      | a giant cockroach changed into a shapeshifter
   267 | D:2      | Noticed a shapeshifter (shapeshifter)
   267 | D:2      | a shapeshifter changed into a culicivora
   267 | D:2      | Noticed a culicivora (shapeshifter)
   268 | D:2      | Slain by a culicivora (shapeshifter)

Illustrated notes

Levels and vault maps discovered:
D:1:      elethiomel_arrival_shortcut, layout_rooms
D:2:      layout_basic, serial_shops, nicolae_shop_waterfront, shop,
          nicolae_shop_rolling_square, st_stairs_7

Action                     || total
---------------------------++-------
  Melee: Falchion          ||    18
 Armour: Leather armour    ||    17
  Dodge: Dodged            ||    14

Table legend: (Time is in decaauts)
 A = Elapsed time spent in this place.
 B = Non-inter-level travel time spent in this place.
 C = Inter-level travel time spent in this place.
 D = Time resting spent in this place.
 E = Time spent auto-exploring this place.
 F = Levels seen in this place.
 G = Mean time per level.
                   A        B        C        D        E       F      G
               +--------+--------+--------+--------+--------+-----+--------+
         Total |    271 |    271 |      0 |      0 |    216 |   2 |  135.5 |
       Dungeon |    271 |    271 |      0 |      0 |    216 |   2 |  135.5 |
               +--------+--------+--------+--------+--------+-----+--------+

Top non-repeatable levels by time:
     D:1: 253 daAuts
     D:2: 17 daAuts
